 Dungeon Crawl Stone Soup version 0.27-a0-652-g2d5cf1dcd3 (webtiles) character file.

Game seed: 8873066864869129288

175 Gaff the Skirmisher (level 5, -3/55 HPs)
             Began as an Ogre Warper on Mar 16, 2021.
             Was a Follower of Cheibriados.
             Killed from afar by Ijyb (15 damage)
             ... with a bolt of acid
             ... on level 4 of the Dungeon.
             The game lasted 00:11:36 (5051 turns).

Gaff the Skirmisher (Ogre Warper)                   Turns: 5051, Time: 00:11:37

Health: -3/55      AC: -3    Str: 17 (18) XL:     5   Next: 55%
Magic:  6/8        EV: 10    Int: 16      God:    Cheibriados [*.....]
Gold:   113        SH:  5    Dex:  9 (10) Spells: 6/8 levels left

rFire    + . .     SeeInvis .   a - +1 mace
rCold    . . .     Faith    .   (no shield)
rNeg     . . .     Spirit   .   h - +1 robe {rF+}
rPois    .         Reflect  +   (helmet restricted)
rElec    .         Harm     .   i - +0 cloak
rCorr    .         Rampage  .   (gloves unavailable)
Will     .....                  (boots unavailable)
Stlth    +.........             j - amulet of reflection
HPRegen  0.18/turn              (no ring)
MPRegen  0.11/turn              (no ring)

@: corroded, very slow
A: large, unfitting armour, tough skin 1
a: Renounce Religion, Bend Time


You were on level 4 of the Dungeon.
You worshipped Cheibriados.
Cheibriados was aware of your devotion.
You visited 1 branch of the dungeon, and saw 4 of its levels.

You collected 113 gold pieces.

Inventory:

Hand Weapons
 a - a +1 mace (weapon)
Missiles
 e - 5 boomerangs of dispersal
 f - 7 poisoned darts (quivered)
Armour
 b - a +0 robe
 h - a +1 robe of fire resistance (worn)
 i - a +0 cloak (worn)
Jewellery
 j - an amulet of reflection (around neck)
Scrolls
 d - a scroll of blinking
 g - 3 scrolls of fear
 k - a scroll of identify
 o - 2 scrolls of amnesia
 q - a scroll of immolation
Potions
 c - a potion of degeneration
 l - 2 potions of invisibility
 m - a potion of brilliance {unknown}
 n - a potion of haste
 p - a potion of might


   Skills:
 + Level 4.5 Fighting
 + Level 3.0 Maces & Flails
 - Level 1.0 Throwing
 + Level 3.2 Dodging
 - Level 2.4 Spellcasting
 - Level 2.6 Translocations
 + Level 1.7 Invocations


You had 6 spell levels left.
You knew the following spells:

 Your Spells              Type           Power      Damage    Failure   Level
a - Blink                 Tloc           N/A        N/A       10%         2

Your spell library contained the following spells:

 Spells                   Type           Power      Damage    Failure   Level
 Gell's Gravitas          Tloc           5%         N/A       21%         3
 Lesser Beckoning         Tloc           5%         N/A       21%         3
 Teleport Other           Tloc           10%        N/A       21%         3
 Manifold Assault         Tloc           10%        N/A       54%         4


Dungeon Overview and Level Annotations

Branches:
Dungeon (4/15)
 Temple: D:4-7

Altars:
Cheibriados
Makhleb
Ru
Xom
Zin

Annotations:
D:4 Ijyb


Innate Abilities, Weirdness & Mutations

You are too large for most types of armour.
You have tough skin. (AC +1)


Message History

You feel sick.
You start resting.
You feel sick. x4
You are no longer poisoned.
You start resting.
HP restored.
Found a stone staircase leading down.
Ijyb the Twisted Goblin comes into view.
She is carrying a wand of acid (8).
Ijyb shouts!
Found a stone staircase leading up.
Ijyb barely misses you.
You hit Ijyb but do no damage. Ijyb barely misses you. You block Ijyb's attack.
You hit Ijyb but do no damage. You block Ijyb's attack.
You hit Ijyb but do no damage. You block Ijyb's attack.
You hit Ijyb but do no damage. Ijyb hits you.
You hit Ijyb.
Ijyb is lightly wounded.
Ijyb hits you but does no damage.
Ijyb zaps a wand.
The bolt of acid hits you! The acid corrodes you!
You are splashed with acid!
You hit Ijyb but do no damage.
Ijyb is lightly wounded.
Ijyb grins evilly.
Ijyb hits you but does no damage.
You closely miss Ijyb.
Ijyb is lightly wounded.
Ijyb barely misses you.
You closely miss Ijyb.
Ijyb is lightly wounded.
Ijyb zaps a wand.
The bolt of acid hits you!
* * * LOW HITPOINT WARNING * * *
The acid corrodes you!
You are splashed with acid!
* * * LOW HITPOINT WARNING * * *
Ijyb hits you.
* * * LOW HITPOINT WARNING * * *
Ijyb screams, "It's all mine!"
There is a stone staircase leading down here.
Casting: Blink (safe; 10% risk of failure)
Confirm with . or Enter, or press ? or * to list all spells.
You blink.
Ijyb zaps a wand.
The bolt of acid hits you!
You die...

#.#.#.#.#.#.#
#...#.#.#...#
###.#.#.#.###
#.#.#.#.#
#.#.#.#.# #
#.#.###
#.#...#
#.###.########
#.##...@....<#
#§g#########
##.# #.# #.#
#.# ###


You could see Ijyb.

Vanquished Creatures
  A scorpion (D:4)
  A hound (D:3)
  2 adders (D:3)
  4 worms
  A leopard gecko (D:1)
  2 orcs
  6 bats
  3 giant cockroaches
  7 goblins
  6 hobgoblins
  5 jackals
  2 quokkas
  A ball python (D:3)
  4 frilled lizards
  5 kobolds
  A quokka zombie (D:3)
  13 rats
64 creatures vanquished.

Notes
Turn   | Place    | Note
-------+----------+-------------------------------------------
     0 | D:1      | Gaff the Ogre Warper began the quest for the Orb.
     0 | D:1      | Reached XP level 1. HP: 22/22 MP: 3/3
   170 | D:1      | Reached skill level 3 in Fighting
   182 | D:1      | Reached XP level 2. HP: 31/31 MP: 5/5
  1667 | D:2      | Found a snail-covered altar of Cheibriados.
  1693 | D:2      | Reached XP level 3. HP: 36/37 MP: 6/6
  1739 | D:2      | Found a shimmering altar of Xom.
  1759 | D:2      | Found a burning altar of Makhleb.
  2133 | D:2      | Found a glowing silver altar of Zin.
  2239 | D:2      | Became a worshipper of Cheibriados the Contemplative
  2333 | D:2      | Learned a level 2 spell: Blink
  2984 | D:3      | Reached XP level 4. HP: 48/48 MP: 7/7
  3029 | D:3      | Found a sacrificial altar of Ru.
  3219 | D:3      | Reached skill level 4 in Fighting
  3896 | D:3      | Reached skill level 1 in Invocations
  3923 | D:3      | Reached XP level 5. HP: 4/54 MP: 8/8
  4667 | D:3      | Reached * piety under Cheibriados
  5036 | D:4      | Noticed Ijyb
  5051 | D:4      | Killed from afar by Ijyb

Illustrated notes

Levels and vault maps discovered:
D:1:      dpeg_arrival_prison, layout_basic, hex_tiny, serial_bayou_ford_a
D:2:      layout_basic, nicolae_overflow_quartered_altars,
          grunt_decor_resistance
D:3:      minmay_skewed_foursquare, layout_loops_ring, lemuel_doored_altar
D:4:      layout_basic, nicolae_hepliaklqana_hippocampus, kennysheep_mini,
          serial_co_window_serial, co_window_paths_a, co_window_cross_1,
          co_window_paths_b, co_window_paths_a, co_window_of_opportunity_a,
          co_window_broadway_a, co_window_corner_b, co_window_unsneaky_path_d,
          co_window_cross_3, co_window_paths_e, co_window_4corner_a,
          glass_columns_a, glass_columns_a, glass_columns_a, uniq_sigmund,
          uniq_robin, uniq_ijyb

Skill      XL: |  1  2  3  4  5 |
---------------+----------------+-----
Maces & Flails | 2 3 |  3.0
Fighting       | 3 4 |  4.5
Dodging        | 3 |  3.2
Invocations    | 1 |  1.7
Throwing       | |  1.0
Spellcasting   | |  2.4
Translocations | |  2.6

Action                   |  1- 3 |  4- 6 || total
-------------------------+-------+-------++-------
Melee: Mace              |   158 |   155 ||   313
Throw: Dart              |    17 |     2 ||    19
 Cast: Blink             |       |     6 ||     6
  Use: Scroll            |     4 |     5 ||     9
       Potion            |       |     4 ||     4
 Stab: Sleeping          |     1 |       ||     1
Armor: Robe              |    66 |    44 ||   110
       Skin              |       |    33 ||    33
Dodge: Dodged            |   105 |    87 ||   192
Block: Other             |       |    17 ||    17

Table legend: (Time is in decaauts)
 A = Elapsed time spent in this place.
 B = Non-inter-level travel time spent in this place.
 C = Inter-level travel time spent in this place.
 D = Time resting spent in this place.
 E = Time spent auto-exploring this place.
 F = Levels seen in this place.
 G = Mean time per level.
                   A        B        C        D        E       F      G
               +--------+--------+--------+--------+--------+-----+--------+
         Total |   5481 |   5278 |    203 |   2178 |   1918 |   4 | 1370.2 |
       Dungeon |   5481 |   5278 |    203 |   2178 |   1918 |   4 | 1370.2 |
               +--------+--------+--------+--------+--------+-----+--------+

Top non-repeatable levels by time:
     D:3: 2133 daAuts
     D:2: 1609 daAuts
     D:1: 1409 daAuts
     D:4: 329 daAuts
